 Dungeon Crawl Stone Soup version 0.31-a0-222-gefeffbb62a (webtiles) character file.

Game seed: 8631759897128752388

546 pizzagenius the Chopper (level 7, -3/61 HPs)
             Began as a Hill Orc Monk on July 5, 2023.
             Slain by a lemure (4 damage)
             ... led by Pikel
             ... on level 4 of the Dungeon.
             The game lasted 00:19:11 (3566 turns).

pizzagenius the Chopper (Hill Orc Monk)             Turns: 3566, Time: 00:19:11

Health: -3/61      AC: 12    Str: 16    XL:     7   Next: 28%
Magic:  0/7        EV:  5    Int: 10    God:
Gold:   191        SH:  0    Dex: 13    Spells: 6/6 levels left

rFire   . . .        y - +2 hand axe (heavy)
rCold   . . .        (no shield)
rNeg    . . .        d - +0 plate armour
rPois   .            (no helmet)
rElec   .            (no cloak)
rCorr   .            (no gloves)
SInv    +            (no boots)
Will    .....        h - amulet of guardian spirit Stlth
                     v - ring of see invisible
HPRegen 0.30/turn    (no ring)
MPRegen 0.10/turn

%: guardian spirit
@: no status effects
A: no striking features
a: no special abilities


You were on level 4 of the Dungeon.
You visited 1 branch of the dungeon, and saw 4 of its levels.

You collected 191 gold pieces.

Inventory:

Hand Weapons
 a - a +0 hand axe
 e - a +4 short sword
 y - a +2 heavy hand axe (weapon)
 A - a +1 heavy scythe
Missiles
 i - 7 poisoned darts
 C - 2 atropa-tipped darts
Armour
 b - a +0 robe
 d - a +0 plate armour (worn)
 g - a +0 ring mail
 q - the +0 robe of a treasure trove {Str+3 SInv}
   (You found it on level 2 of the Dungeon)

   Str:       It affects your strength (+3).
   SInv:      It lets you see invisible.
Jewellery
 h - an amulet of guardian spirit (around neck)
 l - a ring of protection from cold
 o - an amulet of guardian spirit
 v - a ring of see invisible (left hand)
 D - a ring of fire
Scrolls
 f - a scroll of identify
 j - a scroll of teleportation {unknown}
 n - a scroll of vulnerability {unknown}
 r - a scroll of blinking {unknown}
 s - a scroll of enchant armour {unknown}
 u - 2 scrolls of noise
 w - a scroll of fear {unknown}
 z - a scroll of torment {unknown}
 B - a scroll of fog {unknown}
Potions
 c - a potion of ambrosia
 k - 2 potions of heal wounds {unknown}
 m - a potion of attraction {unknown}
 p - a potion of degeneration {unknown}
 t - a potion of invisibility {unknown}
 x - a potion of berserk rage {unknown}


   Skills:
 + Level 5.1 Fighting
 + Level 0.5 Short Blades
 + Level 7.4 Axes
 + Level 4.6 Armour
 + Level 2.8 Dodging
 + Level 0.2 Stealth
 + Level 0.1 Evocations


You had 6 spell levels left.
You didn't know any spells.
Your spell library contained the following spells:

 Spells                   Type           Power      Damage    Failure   Level
 Foxfire                  Conj/Fire      0%         2x1d4     100%        1
 Sandblast                Erth           0%         2d4       100%        1
 Slow                     Hex            0%         N/A       100%        1


Dungeon Overview and Level Annotations

Branches:
Dungeon (4/15)
 Temple: D:4-7

Altars:
The Shining One


Message History

You slash the gnoll! The gnoll hits you but does no damage.
You barely miss the gnoll.
The gnoll is severely wounded.
The gnoll hits you but does no damage. x2; The lemure hits you.
* * * LOW HITPOINT WARNING * * *
You hit the gnoll.
The gnoll is severely wounded.
You barely miss the lemure. The lemure hits you but does no damage.
The gnoll closely misses you.
You barely miss the gnoll.
The gnoll is severely wounded.
You closely miss the lemure. The lemure hits you but does no damage.
The gnoll closely misses you. The gnoll hits you with a +0 spear.
* * * LOW HITPOINT WARNING * * *
The lemure barely misses you.
You hit the gnoll but do no damage.
The gnoll is severely wounded.
You hit the lemure. The lemure hits you but does no damage.
The gnoll hits you with a +0 spear.
* * * LOW HITPOINT WARNING * * *
You slash the gnoll!
You kill the gnoll!
You hit the lemure.
The lemure hits you but does no damage. x2
You slash the lemure!
The lemure is severely wounded.
The lemure completely misses you.
You hit the lemure.
The lemure is almost dead.
The lemure hits you but does no damage. x2
You completely miss the lemure.
The lemure is almost dead.
The lemure barely misses you.
You barely miss the lemure.
The lemure is almost dead.
The lemure hits you.
* * * LOW HITPOINT WARNING * * *
You hit the lemure.
The lemure is almost dead.
The lemure hits you but does no damage. The lemure hits you.
You die...

#.....#....#.......
#.....'....#
#.....#....#
#.....#....#
#.....#....#
#..######..#
#####.###..# #
#...(....).# .#
#........)@# ..#
#........5)# ...#
#..........#....#
#..........'....#
############.g..#
...... ..... .....
....


You could see a lemure.

Vanquished Creatures
  Sigmund (D:4)
  A bullfrog (D:3)
  A jelly (D:4)
  2 hounds (D:4)
  An orc priest (D:4)
  2 orc wizards (D:4)
  4 gnolls (D:4)
  An adder (D:3)
  A worm (D:2)
  12 orcs
  2 ball pythons
  8 bats
  5 endoplasms
  4 hobgoblins
  2 jackals (D:2)
  5 kobolds
  4 quokkas
  7 frilled lizards
  9 goblins
  3 rats
75 creatures vanquished.

Vanquished Creatures (collateral kills)
  An orc (D:4)
1 creature vanquished.

Grand Total: 76 creatures vanquished

Notes
Turn   | Place    | Note
-------+----------+-------------------------------------------
     0 | D:1      | pizzagenius the Hill Orc Monk began the quest for the Orb.
     0 | D:1      | Reached XP level 1. HP: 19/19 MP: 1/1
   107 | D:1      | Reached XP level 2. HP: 12/27 MP: 2/2
  1193 | D:2      | Reached XP level 3. HP: 33/33 MP: 3/3
  1525 | D:2      | Identified the +0 robe of a treasure trove {Str+3 SInv}
  1840 | D:3      | Got A Beginning Course on Witchery
  1869 | D:3      | Reached skill level 1 in Armour
  1869 | D:3      | Reached XP level 4. HP: 41/41 MP: 4/4
  1940 | D:3      | Noticed a bullfrog
  1965 | D:3      | Killed a bullfrog
  1966 | D:3      | Reached skill level 5 in Axes
  1966 | D:3      | Reached XP level 5. HP: 4/47 MP: 0/5
  2164 | D:3      | Found a glowing golden altar of the Shining One.
  3025 | D:4      | Reached XP level 6. HP: 41/55 MP: 4/6
  3123 | D:4      | Reached skill level 6 in Axes
  3387 | D:4      | Noticed Sigmund
  3452 | D:4      | Killed Sigmund
  3453 | D:4      | Reached skill level 5 in Fighting
  3453 | D:4      | Reached skill level 7 in Axes
  3453 | D:4      | Reached XP level 7. HP: 36/61 MP: 3/7
  3565 | D:4      | HP: 1/61 [lemure[Pikel] (5)]
  3566 | D:4      | Slain by a lemure

Illustrated notes

Levels and vault maps discovered:
D:1:      onia_arrival_mini_spirals, layout_basic, minmay_box_of_dots
D:2:      layout_loops_cross, guppyfry_early_orc_mine
D:3:      layout_basic, mainiacjoe_overflow_catwalk
D:4:      layout_gridville, corexii_shack, grunt_decor_one_mirror,
          uniq_menkaure, uniq_sigmund, uniq_pikel

Skill      XL: |  1  2  3  4  5  6 |
---------------+-------------------+-----
Fighting       | 4 5 |  5.1
Armour         | 1 2 3 4 |  4.6
Axes           | 5 7 |  7.4
Short Blades   | |  0.5
Dodging        | |  2.8
Stealth        | |  0.2
Evocations     | |  0.1

Action                     |  1- 3 |  4- 6 |  7- 9 || total
---------------------------+-------+-------+-------++-------
  Melee: Hand axe          |   107 |    98 |    21 ||   226
         Short sword       |    11 |       |       ||    11
  Evoke: Wand              |       |     2 |       ||     2
    Use: Scroll            |       |     1 |       ||     1
 Armour: Robe              |     3 |       |       ||     3
         Plate armour      |   103 |    74 |    37 ||   214
         Ring mail         |     1 |       |       ||     1
  Dodge: Dodged            |    45 |    32 |    14 ||    91

Table legend: (Time is in decaauts)
 A = Elapsed time spent in this place.
 B = Non-inter-level travel time spent in this place.
 C = Inter-level travel time spent in this place.
 D = Time resting spent in this place.
 E = Time spent auto-exploring this place.
 F = Levels seen in this place.
 G = Mean time per level.
                   A        B        C        D        E       F      G
               +--------+--------+--------+--------+--------+-----+--------+
         Total |   3606 |   3567 |     39 |      0 |   1884 |   4 |  901.5 |
       Dungeon |   3606 |   3567 |     39 |      0 |   1884 |   4 |  901.5 |
               +--------+--------+--------+--------+--------+-----+--------+

Top non-repeatable levels by time:
     D:1: 1028 daAuts
     D:3: 945 daAuts
     D:2: 908 daAuts
     D:4: 724 daAuts
